AoeStats
← fray

Arabia

507137291Analyzed
1v1 RM · 17d ago on Sep 16, 2026· 38m 53s· 2 players
Game mode
Random Map
Map size
Tiny (2 player)
Population
200
Speed
Normal
Resources
Standard
Victory
Conquest
Starting age
Dark Age
Ending age
Imperial Age
RankedLock teamsTeams togetherTeam positionsShared explorationLock speedFull tech treeHidden civsTurbo modeCheats
Victory
Defeat
🇮🇳 Hindustanis · India
1667
+15
🇵🇾 Tupi · Paraguay
1646
-15
fray
7:47 Loom
9:11 Loom
12:04 Feudal Age
13:31 Double-Bit Axe
13:45 Fletching
13:53 Horse Collar
14:54 Padded Archer Armor
21:55 Wheelbarrow
25:55 Castle Age
24:50 Scale Mail Armor
25:00 Forging
26:02 Crossbowman
26:38 Bodkin Arrow
27:06 Squires
26:26 Champi Runner
26:52 Arson
28:12 Chain Mail Armor
30:10 Champi Warrior
38:38 Elite Skirmisher
atom
6:30 Loom
9:07 Feudal Age
12:28 Fletching
15:47 Padded Archer Armor
22:47 Castle Age
21:29 Double-Bit Axe
21:41 Horse Collar
23:08 Crossbowman
25:32 Bodkin Arrow
28:15 Ballistics
31:45 Wheelbarrow
31:51 Bow Saw
34:52 Bloodlines
34:43 Husbandry
35:27 Gold Mining
36:22 Hand Cart
36:01 Town Watch
37:48 Leather Archer Armor
37:49 Thumb Ring
Connection lost

Rejoining the realm…

Still unreachable

The connection could not be restored.

Session expired

The server has moved on; the page needs a fresh start.